 Dungeon Crawl Stone Soup version 0.19.1 (webtiles) character file.

1421 Leibowitz the Poker (level 8, -3/67 HPs)
             Began as a Demigod Gladiator on Nov 28, 2016.
             Slain by an orc warrior
             ... wielding a +0 mace
              (11 damage)
             ... on level 6 of the Dungeon.
             The game lasted 00:15:48 (7083 turns).

Leibowitz the Poker (Demigod Gladiator)             Turns: 7083, Time: 00:15:50

Health: -3/67      AC:  1    Str: 22    XL:     8   Next: 20%
Magic:  19/19      EV: 15    Int: 12    God:
Gold:   423        SH:  0    Dex: 20    Spells: 0 memorised, 7 levels left

rFire  . . .     SeeInvis .     a - +1 trident
rCold  . . .     Gourm    .     C - +1 leather armour {MR+}
rNeg   . . .     Faith    .     (no shield)
rPois  .         Spirit   .     c - +0 helmet
rElec  .         Reflect  .     u - +1 cloak {MR+}
rCorr  .         Harm     .     (no gloves)
MR     ++...                    n - -7 pair of boots of Restlessness {Str+4 Slay+6} (curse)
Stlth  +++.......               (no amulet)
                                (no ring)
                                z - ring of magical power

@: no status effects
A: high mp 1
a: no special abilities


You were on level 6 of the Dungeon.
You were not hungry.

You visited 1 branch of the dungeon, and saw 6 of its levels.
You also visited: Sewer.

You collected 423 gold pieces.

Inventory:

Hand Weapons
 a - a +1 trident (weapon)
 e - the +6 mace "Zorghuxt" {crush, *Noise rF+ Str+2}
   (You found it on level 4 of the Dungeon)

   It inflicts extra damage upon your enemies.
   It affects your strength (+2).
   It protects you from fire.
   It may make noises in combat.
 s - a +0 glaive
Missiles
 d - 3 throwing nets (quivered)
Armour
 c - a +0 helmet (worn)
 n - the cursed -7 pair of boots of Restlessness (worn) {Str+4 Slay+6}
   (You found it on level 4 of the Dungeon)

   It affects your strength (+4).
   It affects your accuracy and damage with ranged weapons and melee attacks
   (+6).
   It has a curse placed upon it.
 q - a +1 pair of boots
 u - a +1 cloak of magic resistance (worn)
 C - a +1 leather armour of magic resistance (worn)
Jewellery
 z - a ring of magical power (left hand)
Scrolls
 h - a scroll of fear
 i - 2 scrolls of enchant armour
 j - 4 scrolls of identify
 l - 2 scrolls of teleportation
 r - 2 scrolls of amnesia
 t - a scroll of blinking
 y - a scroll of remove curse
 A - a scroll of enchant weapon
Potions
 g - 7 potions of curing
 k - 2 potions of agility
 m - a potion of invisibility
 o - 2 potions of lignification
 p - 4 potions of haste
 w - a potion of degeneration {unknown}
 x - a potion of ambrosia
Comestibles
 b - 2 chunks of flesh
 f - 6 bread rations
 v - 3 fruits


   Skills:
 * Level 4.5 Fighting
 + Level 6.3 Polearms
 + Level 1.7 Throwing
 + Level 2.6 Armour
 * Level 4.8 Dodging
 * Level 3.9 Stealth


You had 7 spell levels left.
You didn't know any spells.

Dungeon Overview and Level Annotations

Branches:
Dungeon (6/15)             Temple (0/1) D:5


Innate Abilities, Weirdness & Mutations

You have an increased reservoir of magic. (+10% MP)


Message History

You hit the orc warrior but do no damage.
The orc warrior is moderately wounded.
You barely miss the orc warrior.
The orc warrior is moderately wounded.
The orc warrior hits you with a mace!
* * * LOW HITPOINT WARNING * * *
The orc closely misses you.
You puncture the orc warrior!
The orc warrior is heavily wounded.
The orc hits you.
* * * LOW HITPOINT WARNING * * *
The orc warrior misses you.
You hit the orc warrior.
The orc warrior is heavily wounded.
The orc hits you.
* * * LOW HITPOINT WARNING * * *
The orc hits you with a mace.
* * * LOW HITPOINT WARNING * * *
The orc warrior hits you with a mace!
You die...

##...## ###........##
##...# #..##
#....##..## #..... #..#
#....##...# ##.....
..## ##...###..##
##..^### #..# #...#
#...####...## # ...#
#...# ##...##....####
...# #...##
#...#.....##.. ....
#....####.o.......... .
#...@##.............. .
#..ooo(.............. .
#....o(...............
.
#...#########.........#
....# .........## ...#
.........# .##
.........


You could see an orc warrior and 3 orcs.

Vanquished Creatures
  Pikel (D:5)
  3 big kobolds (Sewer)
  2 scorpions
  A crimson imp (D:6)
  3 hounds
  3 orc priests
  2 orc wizards
  2 worker ants (D:4)
  A hound zombie (D:5)
  12 adders
  4 river rats
  4 oozes
  4 worms (Sewer)
  2 dart slugs
  4 leopard geckos
  14 orcs
  4 giant cockroaches
  10 goblins
  11 hobgoblins
  12 jackals
  8 kobolds
  3 quokkas
  7 ball pythons
  5 bats
  6 frilled lizards
  11 rats
139 creatures vanquished.

Notes
Turn   | Place    | Note
-------+----------+-------------------------------------------
     0 | D:1      | Leibowitz the Demigod Gladiator began the quest for the Orb.
     0 | D:1      | Reached XP level 1. HP: 17/17 MP: 3/3
   166 | D:1      | Found a shattered altar of Ashenzari.
   177 | D:1      | Reached XP level 2. HP: 15/24 MP: 4/4
   202 | D:1      | Reached skill level 1 in Stealth
   459 | D:1      | Reached skill level 3 in Polearms
   850 | D:2      | Found a glowing golden altar of the Shining One.
   852 | D:2      | Found a hide-covered altar of Uskayaw.
  1056 | D:2      | Reached XP level 3. HP: 23/29 MP: 5/5
  1612 | D:2      | Found a burning altar of Makhleb.
  1987 | D:2      | Reached XP level 4. HP: 17/37 MP: 6/6
  2835 | D:4      | Reached skill level 4 in Polearms
  2835 | D:4      | Reached XP level 5. HP: 27/42 MP: 7/7
  2845 | D:4      | Found a glowing drain.
  2847 | D:4      | Got a pitted mace
  3046 | D:4      | Got a pair of brightly glowing boots
  3059 | D:4      | Identified the cursed -7 pair of boots of Restlessness {Str+4 Slay+6} (You found it on level 4 of the Dungeon)
  3067 | Sewer    | Entered a sewer
  3164 | Sewer    | Reached skill level 1 in Armour
  3766 | Sewer    | Reached XP level 6. HP: 42/50 MP: 8/8
  4882 | D:4      | Found a shimmering altar of Xom.
  4898 | D:4      | Found a shimmering altar of Xom.
  4899 | D:4      | Found a shimmering altar of Xom.
  4909 | D:4      | Found a shimmering altar of Xom.
  4910 | D:4      | Found a shimmering altar of Xom.
  5087 | D:4      | Reached skill level 5 in Polearms
  5171 | D:4      | Reached XP level 7. HP: 49/57 MP: 9/9
  5493 | D:5      | Entered Level 5 of the Dungeon
  5502 | D:5      | Found a staircase to the Ecumenical Temple.
  5525 | D:5      | Identified the +6 mace "Zorghuxt" {crush, *Noise rF+ Str+2} (You found it on level 4 of the Dungeon)
  5694 | D:5      | Noticed Pikel
  5769 | D:5      | Killed Pikel
  5769 | D:5      | Reached skill level 6 in Polearms
  5817 | D:5      | Reached XP level 8. HP: 35/66 MP: 10/10
  6182 | D:6      | Found a burning altar of Makhleb.
  6417 | D:6      | HP: 2/66 [hound (6)]
  6699 | D:6      | Identified a scroll of acquirement
  7083 | D:6      | Slain by an orc warrior

Skill      XL: |  1  2  3  4  5  6  7 |
---------------+----------------------+-----
Stealth        | 1 2 3 |  3.9
Dodging        | 3 4 |  4.8
Polearms       | 3 4 5 6 |  6.3
Fighting       | 2 3 4 |  4.5
Armour         | 1 2 |  2.6
Throwing       | |  1.7

Action                   |  1- 3 |  4- 6 |  7- 9 || total
-------------------------+-------+-------+-------++-------
Melee: Trident           |   141 |   237 |    82 ||   460
Throw: Throwing net      |       |     1 |       ||     1
  Use: Scroll            |       |    10 |     9 ||    19
       Potion            |       |       |     1 ||     1
 Stab: Held in net/web   |       |     1 |       ||     1
       Sleeping          |       |       |     3 ||     3
  Eat: Chunk             |     3 |    11 |     5 ||    19
       Pizza             |       |       |     1 ||     1
Armor: Leather armour    |    40 |    37 |       ||    77
Dodge: Dodged            |   128 |   171 |    47 ||   346
